 Dungeon Crawl Stone Soup version 0.22-a0-362-g535178c (webtiles) character file.

89199 CHODE the Blocker (level 15, -2/108 HPs)
             Began as a Gnoll Fighter on Apr 20, 2018.
             Was a High Priest of Hepliaklqana.
             Slain by a manticore (8 damage)
             ... on level 4 of the Shoals.
             The game lasted 01:38:07 (26009 turns).

CHODE the Blocker (Gnoll Fighter)                  Turns: 26009, Time: 01:38:07

Health: -2/108     AC: 40    Str: 22    XL:     15   Next: 96%
Magic:  29/29      EV:  9    Int: 14    God:    Hepliaklqana [*****.]
Gold:   1760       SH: 15    Dex: 16    Spells: 34/34 levels left

rFire    . . .     SeeInvis .   b - +6 scimitar (protect)
rCold    . . .     Gourm    .   c - +2 shield
rNeg     . . .     Faith    .   k - +6 crystal plate armour of Ninlacam {+Fly}
rPois    .         Spirit   .   Z - +2 helmet
rElec    .         Reflect  .   I - +2 cloak
rCorr    +         Harm     .   p - +0 pair of gloves
MR       +....     Clarity  +   (no boots)
Stlth    ..........             C - amulet of rage
HPRegen  0.28/turn              w - ring of resist corrosion
MPRegen  0.21/turn              t - +2 ring of protection

@: about to teleport, berserk cooldown, slowed, very slow
A: distributed training, reduced essence, fangs 1, icy blue scales 1, clarity,
clever 1, strong nose
a: Recall Ancestor, Ancestor Identity, Transference, Idealise, Renounce
Religion, Evoke Berserk Rage, Evoke Flight


You were on level 4 of the Shoals.
You worshipped Hepliaklqana.
Hepliaklqana was extremely pleased with you.
You were near starving.

You visited 5 branches of the dungeon, and saw 24 of its levels.
You visited 1 bazaar.
You also visited: Volcano.

You collected 1952 gold pieces.
You spent 192 gold pieces at shops.

Inventory:

Hand Weapons
 a - a +0 scimitar of flaming
 b - a +6 scimitar of protection (weapon)
 q - a +0 hunting sling
 x - a +2 great sword of slicing
 D - a +0 shortbow
 R - a +0 hand crossbow
Missiles
 E - 354 arrows
 J - 14 tomahawks (quivered)
 S - 129 bolts
 V - 28 javelins
Armour
 c - a +2 shield (worn)
 k - the +6 crystal plate armour of Ninlacam (worn) {+Fly}
   (You acquired it on level 1 of the Shoals)

   It lets you fly.
 p - a +0 pair of gloves (worn)
 A - a +0 large shield
 I - a +2 cloak (worn)
 M - the +1 chain mail "Siurhu Besmo" {rF+++ Str+2 Int+4 Dex-5}
   (You found it on level 8 of the Dungeon)

   It affects your strength (+2).
   It affects your intelligence (+4).
   It affects your dexterity (-5).
   It renders you almost immune to fire.
 Z - a +2 helmet (worn)
Jewellery
 d - an uncursed ring of see invisible
 e - an uncursed ring of magical power
 i - an uncursed amulet of magic regeneration
 l - a cursed ring of wizardry {unknown}
 t - a +2 ring of protection (right hand)
 w - a ring of resist corrosion (left hand)
 C - an amulet of rage (around neck)
 G - an uncursed amulet of the acrobat
 H - an uncursed ring of protection from cold
 L - an uncursed ring of protection from fire
Wands
 h - a wand of disintegration (15)
 j - a wand of enslavement (28)
 y - a wand of flame (60)
 F - a wand of paralysis (18)
 K - a wand of digging (38)
 Q - a wand of iceblast (8)
Scrolls
 n - a scroll of fear
 o - 5 scrolls of remove curse
 v - 4 scrolls of teleportation
 N - a scroll of holy word
 O - a scroll of magic mapping
 T - 2 scrolls of identify
 U - a scroll of enchant weapon
 W - 3 scrolls of fog
Potions
 g - a potion of invisibility
 m - a potion of curing
 B - 3 potions of lignification
 X - 2 potions of resistance
 Y - a potion of agility
Miscellaneous
 u - a phial of floods
 z - a sack of spiders
Comestibles
 f - 17 rations


   Skills:
 + Level 11.9 Fighting
 + Level 10.2 Short Blades
 + Level 11.1 Long Blades
 + Level 10.2 Axes
 + Level 10.2 Maces & Flails
 + Level 10.2 Polearms
 + Level 10.2 Staves
 + Level 10.2 Slings
 + Level 10.2 Bows
 + Level 10.2 Crossbows
 + Level 10.2 Throwing
 + Level 11.9 Armour
 + Level 10.2 Dodging
 + Level 10.2 Stealth
 + Level 11.9 Shields
 + Level 10.2 Unarmed Combat
 + Level 10.2 Spellcasting
 + Level 8.7 Conjurations
 + Level 8.7 Hexes
 + Level 8.7 Charms
 + Level 8.7 Summonings
 + Level 8.7 Necromancy
 + Level 8.7 Translocations
 + Level 8.7 Transmutations
 + Level 8.7 Fire Magic
 + Level 8.7 Ice Magic
 + Level 8.7 Air Magic
 + Level 8.7 Earth Magic
 + Level 8.7 Poison Magic
 + Level 11.1 Invocations
 + Level 10.2 Evocations


You had 34 spell levels left.
You didn't know any spells.

Dungeon Overview and Level Annotations

Branches:
Dungeon (12/15)            Temple (1/1) D:4            Lair (6/6) D:8
 Shoals (4/4) Lair:3        Snake (1/4) Lair:3        Slime (0/5) Lair:6
    Orc (0/2) D:11

Altars:
Ashenzari
Cheibriados
Dithmenos
Elyvilon
Fedhas
Gozag
Hepliaklqana
Kikubaaqudgha
Makhleb
Nemelex Xobeh
Okawaru
Qazlal
Ru
Sif Muna
Trog
Uskayaw
Vehumet
Wu Jian
Xom
Yredelemnul
Zin
The Shining One
Jiyva

Annotations:
Lair:3 1 runed door


Innate Abilities, Weirdness & Mutations

Your experience applies equally to all skills.
You have very sharp teeth.
Your uncanny sense of smell can sniff out nearby items.
Your life essence is reduced to manifest your ancestor. (-10% HP)
You are partially covered in icy blue scales. (AC +2)
You possess an exceptional clarity of mind.
Your mind is acute. (Int +2)


Message History

The water swirls and strikes you!
As you read the scroll of teleportation, it crumbles to dust.
You feel strangely unstable. The water nymph casts a spell at you.
The water swirls and strikes you!
* * * LOW HITPOINT WARNING * * *
Your surroundings suddenly seem different.
Splash!
You block the manticore's attack.
The manticore claws you but does no damage.
You block the manticore's attack. x2
The manticore claws you but does no damage.
The manticore claws you.
* * * LOW HITPOINT WARNING * * *
Found 10 gold pieces and a war axe.
A manticore comes into view.
As you read the scroll of teleportation, it crumbles to dust.
You feel strangely unstable. You block the manticore's attack.
The manticore claws you!
You die...

≈≈≈≈≈≈≈≈≈≈≈≈≈≈
≈≈≈≈≈≈≈≈≈≈≈≈≈
≈≈≈≈≈≈≈≈≈≈≈≈
.≈≈≈≈≈≈≈≈≈≈
...≈≈≈≈≈≈≈#
...≈≈≈≈≈≈≈#
..≈≈≈≈≈≈≈≈#
$..≈.≈≈@≈≈#
......H...#
..........#
.........).#
..≈≈≈.......#
≈≈≈≈≈........#
≈
≈≈≈≈≈..........
..
≈≈≈≈≈..........
..


You could see a manticore.

Vanquished Creatures
  Frances (Shoals:2)
  A stone giant (Volcano)
  2 merfolk impalers
  2 hydras (Lair:3)
  Erica (Lair:1)
  A merfolk aquamancer (Shoals:2)
  4 two-headed ogres
  A satyr (Shoals:1)
  4 death yaks (Lair:6)
  Sonja (D:11)
  2 sea snakes
  3 harpies
  10 fauns
  A mana viper (Snake:1)
  4 manticores
  2 cyclopes
  An ugly thing (D:11)
  3 merfolk sirens
  5 elephants (Lair:4)
  A black mamba (Lair:6)
  2 water nymphs
  4 spiny frogs
  An efreet (Volcano)
  A rime drake (Lair:6)
  A gargoyle (D:11)
  A freezing wraith (D:11)
  4 komodo dragons
  A queen bee (Lair:3)
  8 merfolk
  2 wind drakes
  A polar bear (Lair:5)
  3 hornets
  A hippogriff (Lair:3)
  7 blink frogs
  A meliai zombie (D:11)
  A snapping turtle (Shoals:1)
  8 dream sheep
  2 redbacks (Lair:6)
  7 water elementals
  15 yaks
  7 wyverns
  A basilisk (Lair:4)
  3 fire bats (Volcano)
  Grum (Lair:1)
  A naga (Lair:3)
  7 porcupines
  10 water moccasins
  2 ice beasts
  An orc warrior (D:10)
  A black bear (Lair:1)
  3 sky beasts
  13 wolves
  An eye of draining (D:11)
  4 centaurs
  7 crocodiles
  A big kobold (D:10)
  9 bullfrogs
  A gnoll sergeant (D:11)
  A wyvern zombie (D:11)
  2 earth elementals (Volcano)
  11 killer bees (Lair:3)
  2 scorpions
  3 wights (D:7)
  A howler monkey (D:9)
  An electric eel (Lair:4)
  4 lava snakes (Volcano)
  5 crimson imps
  2 quasits
  Crazy Yiuf (D:7)
  6 hounds
  A jelly (D:6)
  A bullfrog skeleton (D:10)
  3 orc priests (D:10)
  A centaur skeleton (D:11)
  3 orc wizards
  3 iguanas
  5 worker ants
  A hound skeleton (D:4)
  8 adders
  8 gnolls
  A shadow imp (D:8)
  An ooze (D:3)
  3 worms (D:2)
  4 dart slugs
  6 leopard geckos
  17 orcs
  3 ball pythons
  4 giant cockroaches
  6 goblins
  8 hobgoblins
  12 jackals
  8 kobolds
  A quokka (D:11)
  8 bats
  5 frilled lizards
  8 rats
362 creatures vanquished.

Vanquished Creatures (collateral kills)
  3 merfolk avatars
  4 merfolk aquamancers
  A hydra (Lair:6)
  4 death yaks
  Urug (D:11)
  A shock serpent (Snake:1)
  Nergalle (Lair:3)
  5 harpies
  A naga ritualist (Snake:1)
  A wolf spider (Lair:6)
  A mana viper (Snake:1)
  2 cyclopes (Shoals:1)
  3 manticores
  12 fauns
  3 black mambas
  Maurice (D:9)
  6 merfolk sirens
  A guardian serpent (Lair:6)
  Joseph (D:10)
  A water nymph (Shoals:3)
  A molten gargoyle (Volcano)
  14 spiny frogs
  A rime drake (Lair:3)
  3 komodo dragons
  A hornet (D:11)
  13 merfolk
  4 blink frogs (Lair:4)
  3 snapping turtles
  A hippogriff (Shoals:3)
  6 dream sheep
  A redback (Lair:6)
  3 fire bats (Volcano)
  7 water elementals
  A fire elemental (Volcano)
  4 wyverns (Lair:6)
  2 basilisks (D:8)
  5 yaks
  2 hungry ghosts
  3 nagas
  8 water moccasins
  Duvessa (D:7)
  An orc warrior (D:11)
  6 porcupines
  An ice beast (D:9)
  A black bear (D:11)
  An ogre (D:9)
  A phantom (D:9)
  2 wolves (Lair:2)
  A centaur (D:9)
  5 crocodiles
  A big kobold (D:9)
  2 bullfrogs (D:10)
  2 earth elementals (Volcano)
  Dowan (D:7)
  A wyvern skeleton (D:10)
  8 killer bees (Lair:3)
  A scorpion (D:8)
  2 wights (D:7)
  3 electric eels
  A lava snake (Volcano)
  A crimson imp (D:5)
  An orc wizard (D:10)
  2 orc priests
  2 worker ants
  5 adders
  2 gnolls
  5 orcs
  A jackal (D:9)
  A quokka (D:11)
  6 kobolds
  A leopard gecko skeleton (D:7)
  A fungus (Lair:5)
  3 plants
209 creatures vanquished.

Vanquished Creatures (others)
  A black mamba (Snake:1)
  An elephant (Lair:4)
  An orc priest (D:10)
  24 battlemagi
  An ancestor (D:6)
  13 fungi
  19 plants
60 creatures vanquished.

Grand Total: 631 creatures vanquished

Notes
Turn   | Place    | Note
-------+----------+-------------------------------------------
     0 | D:1      | CHODE the Gnoll Fighter began the quest for the Orb.
     0 | D:1      | Reached XP level 1. HP: 23/23 MP: 1/1
    80 | D:1      | Reached XP level 2. HP: 28/29 MP: 2/2
   726 | D:2      | Reached XP level 3. HP: 35/35 MP: 3/3
   965 | D:2      | Reached skill level 1 in Invocations
  1204 | D:2      | Reached skill level 1 in Short Blades
  1204 | D:2      | Reached skill level 1 in Axes
  1204 | D:2      | Reached skill level 1 in Maces & Flails
  1204 | D:2      | Reached skill level 1 in Polearms
  1204 | D:2      | Reached skill level 1 in Staves
  1204 | D:2      | Reached skill level 1 in Slings
  1204 | D:2      | Reached skill level 1 in Bows
  1204 | D:2      | Reached skill level 1 in Crossbows
  1204 | D:2      | Reached skill level 1 in Throwing
  1204 | D:2      | Reached skill level 1 in Dodging
  1204 | D:2      | Reached skill level 1 in Stealth
  1204 | D:2      | Reached skill level 1 in Unarmed Combat
  1204 | D:2      | Reached skill level 1 in Spellcasting
  1204 | D:2      | Reached skill level 1 in Evocations
  1454 | D:2      | Reached XP level 4. HP: 41/41 MP: 5/5
  1700 | D:3      | Reached skill level 1 in Conjurations
  1700 | D:3      | Reached skill level 1 in Hexes
  1700 | D:3      | Reached skill level 1 in Charms
  1700 | D:3      | Reached skill level 1 in Summonings
  1700 | D:3      | Reached skill level 1 in Necromancy
  1700 | D:3      | Reached skill level 1 in Translocations
  1700 | D:3      | Reached skill level 1 in Transmutations
  1700 | D:3      | Reached skill level 1 in Fire Magic
  1700 | D:3      | Reached skill level 1 in Ice Magic
  1700 | D:3      | Reached skill level 1 in Air Magic
  1700 | D:3      | Reached skill level 1 in Earth Magic
  1700 | D:3      | Reached skill level 1 in Poison Magic
  1814 | D:3      | Reached XP level 5. HP: 45/47 MP: 6/6
  2427 | D:4      | Found a staircase to the Ecumenical Temple.
  2456 | Temple   | Entered the Ecumenical Temple
  2653 | Temple   | Became a worshipper of Hepliaklqana the Forgotten
  2788 | D:4      | Reached XP level 6. HP: 47/47 MP: 8/8
  3065 | D:4      | Noticed an ice beast
  3073 | D:4      | Killed an ice beast
  3073 | D:4      | Reached skill level 5 in Long Blades
  3155 | D:4      | Reached XP level 7. HP: 48/53 MP: 10/10
  3574 | D:5      | Entered Level 5 of the Dungeon
  3791 | D:5      | Reached * piety under Hepliaklqana
  3960 | D:5      | Noticed a two-headed ogre
  3978 | D:5      | Killed a two-headed ogre
  3978 | D:5      | Reached XP level 8. HP: 36/60 MP: 10/13
  4666 | D:6      | Reached ** piety under Hepliaklqana
  4667 | D:6      | Remembered your ancestor Shadrack as a battlemage
  5113 | D:7      | Found a runed door.
  5117 | D:7      | Noticed Crazy Yiuf
  5121 | D:7      | Killed Crazy Yiuf
  5121 | D:7      | Reached XP level 9. HP: 64/64 MP: 14/14
  5983 | D:7      | Noticed Duvessa
  5985 | D:7      | Noticed Dowan
  5990 | D:7      | Killed Duvessa
  5992 | D:7      | Killed Dowan
  6924 | D:8      | Reached skill level 5 in Invocations
  6938 | D:8      | Reached XP level 10. HP: 44/72 MP: 15/17
  6976 | D:8      | Found a staircase to the Lair.
  7017 | D:8      | Got a brightly glowing chain mail
  7028 | D:8      | Identified the cursed +1 chain mail "Siurhu Besmo" {rF+++ Str+2 Int+4 Dex-5} (You found it on level 8 of the Dungeon)
  7041 | D:8      | Reached *** piety under Hepliaklqana
  7776 | D:9      | Found a shadowy altar of Dithmenos.
  7802 | D:9      | Noticed Maurice
  7811 | D:9      | Killed Maurice
  7811 | D:9      | Reached skill level 5 in Short Blades
  7811 | D:9      | Reached skill level 5 in Axes
  7811 | D:9      | Reached skill level 5 in Maces & Flails
  7811 | D:9      | Reached skill level 5 in Polearms
  7811 | D:9      | Reached skill level 5 in Staves
  7811 | D:9      | Reached skill level 5 in Slings
  7811 | D:9      | Reached skill level 5 in Bows
  7811 | D:9      | Reached skill level 5 in Crossbows
  7811 | D:9      | Reached skill level 5 in Throwing
  7811 | D:9      | Reached skill level 5 in Dodging
  7811 | D:9      | Reached skill level 5 in Stealth
  7811 | D:9      | Reached skill level 5 in Unarmed Combat
  7811 | D:9      | Reached skill level 5 in Spellcasting
  7811 | D:9      | Reached skill level 5 in Evocations
  7958 | D:9      | You fall through a shaft!
  7958 | D:10     | Entered Level 10 of the Dungeon
  7959 | D:10     | Noticed Joseph
  8637 | D:10     | Killed Joseph
  8670 | D:10     | Noticed a two-headed ogre
  8679 | D:10     | Killed a two-headed ogre
  8696 | D:10     | Reached **** piety under Hepliaklqana
  9007 | D:10     | Reached XP level 11. HP: 73/78 MP: 19/19
  9510 | D:11     | Found a staircase to the Orcish Mines.
  9529 | D:11     | Noticed a purple ugly thing
  9536 | D:11     | Killed a purple ugly thing
  9537 | D:11     | Reached skill level 5 in Conjurations
  9537 | D:11     | Reached skill level 5 in Hexes
  9537 | D:11     | Reached skill level 5 in Charms
  9537 | D:11     | Reached skill level 5 in Summonings
  9537 | D:11     | Reached skill level 5 in Necromancy
  9537 | D:11     | Reached skill level 5 in Translocations
  9537 | D:11     | Reached skill level 5 in Transmutations
  9537 | D:11     | Reached skill level 5 in Fire Magic
  9537 | D:11     | Reached skill level 5 in Ice Magic
  9537 | D:11     | Reached skill level 5 in Air Magic
  9537 | D:11     | Reached skill level 5 in Earth Magic
  9537 | D:11     | Reached skill level 5 in Poison Magic
  9559 | D:11     | Noticed a cyclops
  9566 | D:11     | Killed a cyclops
  9569 | D:11     | Noticed Sonja
  9570 | D:11     | Found a flickering gateway to a bazaar.
  9582 | Bazaar   | Entered a bazaar
  9904 | Bazaar   | Found Haeres's Gadget Boutique.
  9927 | Bazaar   | Found Beawas Oseb's Antique Weapon Emporium.
  9950 | Bazaar   | Found Xigoene's Distillery.
  9956 | Bazaar   | Bought a potion of mutation for 96 gold pieces
  9956 | Bazaar   | Bought a potion of mutation for 96 gold pieces
  9956 | Bazaar   | Gained mutation: You are resistant to electric shocks. (rElec) [potion of mutation]
  9956 | Bazaar   | Gained mutation: Potions are less effective at restoring your health. [potion of mutation]
  9956 | Bazaar   | Gained mutation: Armour fits poorly on your strangely shaped body. [potion of mutation]
  9956 | Bazaar   | Gained mutation: You are partially covered in icy blue scales. (AC +2) [potion of mutation]
  9957 | Bazaar   | Lost mutation: Potions are less effective at restoring your health. [potion of mutation]
  9957 | Bazaar   | Lost mutation: Armour fits poorly on your strangely shaped body. [potion of mutation]
  9957 | Bazaar   | Lost mutation: You are resistant to electric shocks. (rElec) [potion of mutation]
  9957 | Bazaar   | Gained mutation: Your mind is acute. (Int +2) [potion of mutation]
  9957 | Bazaar   | Gained mutation: You possess an exceptional clarity of mind. [potion of mutation]
  9975 | Bazaar   | Found Kaadecacw's Antique Armour Shoppe.
 10059 | D:11     | Noticed Urug
 10086 | D:11     | Killed Urug
 10318 | D:11     | Noticed a two-headed ogre
 10323 | D:11     | Killed a two-headed ogre
 10759 | D:11     | Killed Sonja
 10904 | D:11     | Paralysed by a hornet for 1 turns
 11053 | D:11     | Paralysed by a hornet for 1 turns
 11425 | D:12     | Noticed a two-headed ogre
 11432 | D:12     | Killed a two-headed ogre
 11559 | Lair:1   | Entered Level 1 of the Lair of Beasts
 11564 | Lair:1   | Reached XP level 12. HP: 84/86 MP: 22/22
 11871 | Lair:1   | Noticed Erica
 11879 | Lair:1   | Killed Erica
 12025 | Lair:1   | Noticed Grum
 12033 | Lair:1   | Killed Grum
 12254 | Lair:2   | Found a dark tunnel.
 12263 | Volcano  | Entered a volcano
 12385 | Volcano  | Noticed a stone giant
 12883 | Volcano  | Found a radiant altar of Vehumet.
 12892 | Volcano  | Killed a stone giant
 13376 | Lair:2   | Reached ***** piety under Hepliaklqana
 14142 | Lair:3   | Reached skill level 10 in Fighting
 14142 | Lair:3   | Reached skill level 10 in Armour
 14142 | Lair:3   | Reached skill level 10 in Shields
 14184 | Lair:3   | Found a staircase to the Snake Pit.
 14184 | Lair:3   | Noticed a six-headed hydra
 14197 | Lair:3   | Killed a three-headed hydra
 14201 | Lair:3   | Found a runed door.
 14202 | Lair:3   | Noticed a five-headed hydra
 14205 | Lair:3   | HP: 2/87 [four-headed hydra (4)]
 14469 | Lair:3   | Noticed an eight-headed hydra
 14477 | Lair:3   | Killed a five-headed hydra
 14489 | Lair:3   | Noticed Nergalle
 14615 | Lair:3   | Killed Nergalle
 14615 | Lair:3   | Reached XP level 13. HP: 56/92 MP: 24/24
 15680 | Lair:3   | Found a staircase to the Shoals.
 17831 | Lair:6   | Entered Level 6 of the Lair of Beasts
 18052 | Lair:6   | Found a staircase to the Slime Pits.
 18053 | Lair:6   | Found a viscous altar of Jiyva.
 18213 | Lair:6   | Reached XP level 14. HP: 62/99 MP: 26/26
 19169 | Lair:6   | Reached skill level 10 in Long Blades
 21041 | Snake:1  | Entered Level 1 of the Snake Pit
 21058 | Snake:1  | Reached skill level 10 in Invocations
 21903 | Shoals:1 | Entered Level 1 of the Shoals
 22073 | Shoals:1 | Identified a scroll of acquirement
 22170 | Shoals:1 | Got a shimmering crystal plate armour
 22181 | Shoals:1 | Identified the +6 crystal plate armour of Ninlacam {+Fly} (You acquired it on level 1 of the Shoals)
 22288 | Shoals:1 | Reached ****** piety under Hepliaklqana
 22693 | Shoals:1 | Reached XP level 15. HP: 76/107 MP: 23/28
 23762 | Shoals:2 | Noticed Frances
 23793 | Shoals:2 | Killed Frances
 25173 | Shoals:3 | Reached skill level 10 in Short Blades
 25173 | Shoals:3 | Reached skill level 10 in Axes
 25173 | Shoals:3 | Reached skill level 10 in Maces & Flails
 25173 | Shoals:3 | Reached skill level 10 in Polearms
 25173 | Shoals:3 | Reached skill level 10 in Staves
 25173 | Shoals:3 | Reached skill level 10 in Slings
 25173 | Shoals:3 | Reached skill level 10 in Bows
 25173 | Shoals:3 | Reached skill level 10 in Crossbows
 25173 | Shoals:3 | Reached skill level 10 in Throwing
 25173 | Shoals:3 | Reached skill level 10 in Dodging
 25173 | Shoals:3 | Reached skill level 10 in Stealth
 25173 | Shoals:3 | Reached skill level 10 in Unarmed Combat
 25173 | Shoals:3 | Reached skill level 10 in Spellcasting
 25173 | Shoals:3 | Reached skill level 10 in Evocations
 25223 | Shoals:3 | Found a shimmering altar of Xom.
 25887 | Shoals:4 | Entered Level 4 of the Shoals
 26009 | Shoals:4 | Slain by a manticore

Vault maps used:
D:1:      minmay_arrival_arboretum_small, nrook_mini_backslash,
          nrook_loot_triangle
D:2:      kennysheep_generic_room_9
D:4:      minmay_temple_entry_mist, first_ration, hangedman_decor_peaks_small
D:6:      kennysheep_generic_room_8
D:7:      uniq_duvessa, uniq_crazy_yiuf_cottage
D:8:      minmay_lair_entry_grove
D:9:      grunt_dithmenos_smoke, small_statue_intersection, uniq_maurice
D:10:     uniq_joseph
D:11:     serial_shops, bzr_entry_islet, lightli_fourway_metalbox, uniq_sonja,
          uniq_urug
Temple:   kilobyte_greek_temple
Lair:1:   minivault_27, lemuel_fruit_fields, uniq_grum, uniq_erica
Lair:2:   beast_lair_carwin_large_1, nicolae_volcano_entry_lava_flow,
          minmay_holes, serial_bayou_shore_a
Lair:3:   elwin_shoals_entry_rooms, guppyfry_snake_entry_island, special_room,
          pf_torpor_hydra, uniq_nergalle
Lair:4:   lookout_lair_type, beast_lair_carwin_9
Lair:6:   hangedman_lair_tendril_chambers, slime_altar_1
Shoals:1: cheibrodos_shoals_oceanic_diplomacy
Shoals:2: uniq_frances
Shoals:3: lemuel_altar_in_water2
Shoals:4: shoals_end_hangedman, shoals_ilsuiw_ice
Snake:1:  basic_altar, uniq_aizul
Bazaar:   bazaar_jpeg_circle_common
Volcano:  volcano_grotto

Skill      XL: |  1  2  3  4  5  6  7  8  9 10 11 12 13 14 15 |
---------------+----------------------------------------------+-----
Invocations    | 1 2 3 4 5 6 7 8 9 10 11 | 11.1
Short Blades   | 1 2 3 4 5 6 7 8 9 10 | 10.2
Axes           | 1 2 3 4 5 6 7 8 9 10 | 10.2
Maces & Flails | 1 2 3 4 5 6 7 8 9 10 | 10.2
Polearms       | 1 2 3 4 5 6 7 8 9 10 | 10.2
Staves         | 1 2 3 4 5 6 7 8 9 10 | 10.2
Slings         | 1 2 3 4 5 6 7 8 9 10 | 10.2
Bows           | 1 2 3 4 5 6 7 8 9 10 | 10.2
Crossbows      | 1 2 3 4 5 6 7 8 9 10 | 10.2
Throwing       | 1 2 3 4 5 6 7 8 9 10 | 10.2
Dodging        | 1 2 3 4 5 6 7 8 9 10 | 10.2
Stealth        | 1 2 3 4 5 6 7 8 9 10 | 10.2
Unarmed Combat | 1 2 3 4 5 6 7 8 9 10 | 10.2
Spellcasting   | 1 2 3 4 5 6 7 8 9 10 | 10.2
Evocations     | 1 2 3 4 5 6 7 8 9 10 | 10.2
Conjurations   | 1 2 3 4 5 6 7 8 |  8.7
Hexes          | 1 2 3 4 5 6 7 8 |  8.7
Charms         | 1 2 3 4 5 6 7 8 |  8.7
Summonings     | 1 2 3 4 5 6 7 8 |  8.7
Necromancy     | 1 2 3 4 5 6 7 8 |  8.7
Translocations | 1 2 3 4 5 6 7 8 |  8.7
Transmutations | 1 2 3 4 5 6 7 8 |  8.7
Fire Magic     | 1 2 3 4 5 6 7 8 |  8.7
Ice Magic      | 1 2 3 4 5 6 7 8 |  8.7
Air Magic      | 1 2 3 4 5 6 7 8 |  8.7
Earth Magic    | 1 2 3 4 5 6 7 8 |  8.7
Poison Magic   | 1 2 3 4 5 6 7 8 |  8.7
Long Blades    | 5 6 7 8 9 10 11 | 11.1
Fighting       | 7 8 9 10 11 | 11.9
Armour         | 7 8 9 10 11 | 11.9
Shields        | 7 8 9 10 11 | 11.9

Action                   |  1- 3 |  4- 6 |  7- 9 | 10-12 | 13-15 || total
-------------------------+-------+-------+-------+-------+-------++-------
Melee: Long sword        |    86 |   132 |   190 |       |       ||   408
       Bite              |    11 |    10 |    37 |    56 |   116 ||   230
       Scimitar          |       |       |    48 |   392 |   820 ||  1260
 Fire: Hunting sling     |    31 |       |       |       |       ||    31
       Shortbow          |       |       |     1 |       |       ||     1
Throw: Tomahawk          |       |       |    15 |    13 |    58 ||    86
       Stone             |       |       |       |     2 |       ||     2
       Javelin           |       |       |       |       |    42 ||    42
Invok: Ancestor Identity |       |     1 |       |       |       ||     1
       Ancestor Life: Ba |       |       |     1 |       |       ||     1
       Recall Ancestor   |       |       |     1 |     2 |     1 ||     4
       Transference      |       |       |       |     2 |     7 ||     9
       Idealise          |       |       |       |     1 |     7 ||     8
 Abil: Evoke Berserk Rag |       |       |     1 |     3 |     7 ||    11
Evoke: Wand              |       |       |     1 |    15 |    17 ||    33
       Phial of floods   |       |       |       |       |     1 ||     1
  Use: Scroll            |     2 |     2 |     9 |    17 |    28 ||    58
       Potion            |       |     1 |     9 |     6 |     4 ||    20
 Stab: Paralysed         |       |       |     9 |     6 |       ||    15
       Sleeping          |       |       |     1 |     1 |       ||     2
       Distracted        |       |       |       |     4 |    13 ||    17
  Eat: Ration            |     1 |     1 |     3 |     9 |    10 ||    24
       Chunk             |       |       |     3 |     2 |     7 ||    12
Armor: Scale mail        |    30 |    62 |    48 |       |       ||   140
       Plate armour      |       |       |    76 |     3 |       ||    79
       Chain mail        |       |       |       |   241 |   278 ||   519
       Crystal plate arm |       |       |       |       |   284 ||   284
Dodge: Dodged            |    27 |    43 |    70 |   173 |   313 ||   626
Block: Shield            |    47 |   104 |   124 |   344 |   751 ||  1370
       Large shield      |       |     2 |    47 |       |       ||    49
       Rpst.: Long sword |     5 |    12 |    25 |       |       ||    42
       Scimitar          |       |       |     7 |    30 |    91 ||   128

Table legend:
 A = Spawn XP
 B = Non-spawn XP
 C = Spawn XP percentage of total XP
 D = Spawn monster count
 E = Non-spawn monster count
 F = Spawn count percentage of total count
 G = Total turns spent on level
                    A         B        C        D         E        F      G
               +---------+---------+-------+---------+---------+-------+---------
         Total |       0 |  127428 |   0.0 |       0 |     568 |   0.0 | 26009
               +---------+---------+-------+---------+---------+-------+---------
           D:1 |       0 |      25 |   0.0 |       0 |      13 |   0.0 |   640
           D:2 |       0 |      76 |   0.0 |       0 |      27 |   0.0 |  1030
           D:3 |       0 |     159 |   0.0 |       0 |      25 |   0.0 |   697
           D:4 |       0 |     486 |   0.0 |       0 |      18 |   0.0 |   964
           D:5 |       0 |    1196 |   0.0 |       0 |      11 |   0.0 |   603
           D:6 |       0 |     377 |   0.0 |       0 |      20 |   0.0 |   851
           D:7 |       0 |    1294 |   0.0 |       0 |      23 |   0.0 |  1636
           D:8 |       0 |    1888 |   0.0 |       0 |      19 |   0.0 |  1149
           D:9 |       0 |    1336 |   0.0 |       0 |      15 |   0.0 |   890
          D:10 |       0 |    2671 |   0.0 |       0 |      25 |   0.0 |   934
          D:11 |       0 |    7794 |   0.0 |       0 |      45 |   0.0 |  1174
          D:12 |       0 |    1013 |   0.0 |       0 |       2 |   0.0 |   313
        Lair:1 |       0 |    3014 |   0.0 |       0 |      13 |   0.0 |   661
        Lair:2 |       0 |    1843 |   0.0 |       0 |      15 |   0.0 |  1012
        Lair:3 |       0 |   11083 |   0.0 |       0 |      54 |   0.0 |  2546
        Lair:4 |       0 |    8882 |   0.0 |       0 |      29 |   0.0 |  1351
        Lair:5 |       0 |    3552 |   0.0 |       0 |       9 |   0.0 |  1085
        Lair:6 |       0 |   19882 |   0.0 |       0 |      65 |   0.0 |  2750
      Shoals:1 |       0 |   16182 |   0.0 |       0 |      36 |   0.0 |  1630
      Shoals:2 |       0 |   14727 |   0.0 |       0 |      28 |   0.0 |  1581
      Shoals:3 |       0 |   16894 |   0.0 |       0 |      36 |   0.0 |   773
      Shoals:4 |       0 |    5613 |   0.0 |       0 |      13 |   0.0 |   122
       Snake:1 |       0 |    3244 |   0.0 |       0 |       8 |   0.0 |   134
       Volcano |       0 |    4197 |   0.0 |       0 |      19 |   0.0 |   805
               +---------+---------+-------+---------+---------+-------+---------
